 Dungeon Crawl Stone Soup version 0.26-a0-651-gb41185065b (webtiles) character file.

Game seed: 11772377707235248228

28 Lugonue the Insei (level 3, -4/23 HPs)
             Began as an Octopode Transmuter on Oct 29, 2020.
             Slain by a goblin
             ... wielding a +0 falchion
              (6 damage)
             ... on level 2 of the Dungeon.
             The game lasted 00:00:39 (1061 turns).

Lugonue the Insei (Octopode Transmuter)             Turns: 1061, Time: 00:00:40

Health: -4/23      AC:  1    Str:  9    XL:     3   Next: 12%
Magic:  5/6        EV: 13    Int: 16    God:
Gold:   60         SH:  0    Dex: 12    Spells: 5/6 levels left

rFire    . . .     SeeInvis .     - Unarmed
rCold    . . .     Faith    .   (no shield)
rNeg     . . .     Spirit   .   (helmet currently unavailable)
rPois    .         Reflect  .   (no amulet)
rElec    .         Harm     .   (no ring)
rCorr    .         Rampage  .   (no ring)
MR       .....                  (no ring)
Stlth    ++........             (no ring)
HPRegen  0.07/turn              (no ring)
MPRegen  0.10/turn              (no ring)
                                (no ring)
                                (no ring)

@: appendages
A: almost no armour, stealthy swim, amphibious, 8 rings, constrict 8, tentacle
spike 3, camouflage 1, gelatinous body 1
a: End Transformation


You were on level 2 of the Dungeon.
One of your tentacles had a temporary spike.
You visited 1 branch of the dungeon, and saw 2 of its levels.

You collected 60 gold pieces.

Inventory:

Scrolls
 a - 2 scrolls of identify {unknown}
 b - a scroll of enchant weapon {unknown}
 c - a scroll of teleportation {unknown}
 d - 2 scrolls of remove curse {unknown}
Potions
 e - 2 potions of brilliance {unknown}


   Skills:
 + Level 1.0 Fighting
 + Level 2.1 Dodging
 + Level 0.8 Stealth
 + Level 3.7 Unarmed Combat
 + Level 2.0 Spellcasting
 + Level 2.3 Transmutations


You had 5 spell levels left.
You knew the following spells:

 Your Spells              Type           Power        Failure   Level
a - Beastly Appendage     Tmut           #.....       8%          1

Your spell library contained the following spells:

 Spells                   Type           Power        Failure   Level
 Wereblood                Tmut           #.......     12%         2
 Spider Form              Tmut/Pois      #.........   36%         3
 Ice Form                 Ice/Tmut       #.......     77%         4
 Blade Hands              Tmut           #.........   91%         5


Dungeon Overview and Level Annotations

Branches:
Dungeon (2/15)

Altars:
Okawaru


Innate Abilities, Weirdness & Mutations

You cannot wear most types of armour.
You are very stealthy in the water. (Stealth+)
You are amphibious.
You can wear up to eight rings at the same time.
You can use your tentacles to constrict eight enemies at once.
Your skin changes colour to match your surroundings (Stealth+).
Your rubbery body absorbs attacks. (AC +1, EV +1)
One of your tentacles bears a large vicious spike.


Message History

The goblin shoots a stone.
The stone hits you!
You see here a stone.
You are too injured to fight recklessly!
You are too injured to fight recklessly!
You are too injured to fight recklessly!
Casting: Beastly Appendage (safe; 8% risk of failure)
Confirm with . or Enter, or press ? or * to list all spells.
One of your tentacles grows a vicious spike.
The goblin unwields a +0 hunting sling.
The goblin wields a +0 falchion.
The goblin hits you with a +0 falchion.
You barely miss the goblin. Your grab misses the goblin.
The goblin hits you with a +0 falchion.
* * * LOW HITPOINT WARNING * * *
You barely miss the goblin. Your grab misses the goblin.
The goblin hits you with a +0 falchion.
* * * LOW HITPOINT WARNING * * *
You barely miss the goblin. You grab the goblin. You squeeze the goblin.
The goblin is moderately wounded.
You constrict the goblin. The goblin hits you with a +0 falchion.
You die...

#.. .. .. ... ..
#.### #.###...####.
#..#.....#.?.
#......(..#
#.g.......#
#..@......#
#.#.(...#.##
###.#.....#<.#######
..............).....#
###.....)...........#
#.................#
....#...[.#........#
..#...#....#........#
.##.#.#.##.#........#


You could see a goblin.

Vanquished Creatures
  An adder (D:2)
  2 goblins (D:1)
  2 hobgoblins (D:1)
  5 kobolds
  3 bats
  5 frilled lizards (D:1)
  2 rats (D:1)
20 creatures vanquished.

Notes
Turn   | Place    | Note
-------+----------+-------------------------------------------
     0 | D:1      | Lugonue the Octopode Transmuter began the quest for the
                  | Orb.
     0 | D:1      | Reached XP level 1. HP: 13/13 MP: 3/3
    47 | D:1      | Found an iron altar of Okawaru.
   240 | D:1      | Reached XP level 2. HP: 18/18 MP: 5/5
  1018 | D:2      | Reached XP level 3. HP: 15/23 MP: 4/6
  1061 | D:2      | Slain by a goblin

Illustrated notes

Levels and vault maps discovered:
D:1:      sevenhm_arrival_forest_fort_small_4, layout_basic,
          ebering_dispersal_statue_hall, chequers_arboretum,
          okawaru_ov_weapons_minmay
D:2:      minmay_wonky_spiral, layout_rooms,
          chequers_temple_overflow_statue_of_worship

Action                   || total
-------------------------++-------
Melee: Unarmed           ||    44
       Constrict         ||     9
       Tentacles         ||     4
       Kick              ||     1
 Cast: Beastly Appendage ||     2
 Stab: Sleeping          ||     4
Armor: Skin              ||     5
Dodge: Dodged            ||    24

Table legend: (Time is in decaauts)
 A = Elapsed time spent in this place.
 B = Non-inter-level travel time spent in this place.
 C = Inter-level travel time spent in this place.
 D = Time resting spent in this place.
 E = Time spent auto-exploring this place.
 F = Levels seen in this place.
 G = Mean time per level.
                   A        B        C        D        E       F      G
               +--------+--------+--------+--------+--------+-----+--------+
         Total |   1057 |    992 |     65 |      0 |    866 |   2 |  528.5 |
       Dungeon |   1057 |    992 |     65 |      0 |    866 |   2 |  528.5 |
               +--------+--------+--------+--------+--------+-----+--------+

Top non-repeatable levels by time:
     D:1: 967 daAuts
     D:2: 89 daAuts
